AoeStats
← kpsu8366

QS Arena

503350815Analyzed
4v4 RM · 1mo ago on Aug 31, 2026· 55m 40s· 8 players
Game mode
Random Map
Map size
Large (8 player)
Population
200
Speed
Normal
Resources
Standard
Victory
Conquest
Starting age
Dark Age
Ending age
Imperial Age
RankedLock teamsTeams togetherTeam positionsShared explorationLock speedFull tech treeHidden civsTurbo modeCheats
Victory
Defeat
🇨🇳 Jurchens · China
1010
+13
🇻🇳 Teutons · Vietnam
975
+14
🇨🇳 Mongols · China
973
+14
🇹🇷 Celts · Türkiye
948
+16
🇧🇪 Magyars · Belgium
1026
-18
🇨🇳 Khmer · China
960
-15
🇨🇳 Berbers · China
940
-14
🇨🇳 Japanese · China
831
-10
Scaslan
12:04 Feudal Age
15:10 Man-at-Arms
21:53 Castle Age
26:52 Double-Bit Axe
26:52 Horse Collar
29:34 Wheelbarrow
29:38 Bow Saw
31:25 Heavy Plow
32:31 Gold Mining
33:29 Caravan
34:24 Hand Cart
33:55 Loom
33:55 Town Watch
38:46 Imperial Age
37:14 Gambesons
37:16 Arson
37:54 Scale Barding Armor
37:51 Scale Mail Armor
38:01 Forging
38:31 Gold Shaft Mining
39:05 Town Patrol
39:15 Capped Ram
39:31 Elite Woad Raider
41:39 Furor Celtica
42:23 Siege Ram
44:29 Conscription
47:01 Scale Barding Armor
47:31 Iron Casting
47:16 Chain Mail Armor
47:37 Iron Casting
50:59 Scale Barding Armor
51:27 Plate Mail Armor
51:57 Blast Furnace
76561198262937210
8:58 Feudal Age
9:25 Double-Bit Axe
9:21 Horse Collar
9:34 Loom
14:19 Castle Age
12:58 Wheelbarrow
15:51 Heavy Plow
16:39 Bow Saw
19:56 Bloodlines
19:46 Husbandry
19:08 Light Cavalry
22:32 Gold Mining
24:10 Gold Shaft Mining
24:26 Scale Barding Armor
24:32 Forging
24:41 Forging
25:43 Hand Cart
27:05 Stone Mining
29:08 Thumb Ring
33:03 Imperial Age
33:07 Elite Mangudai
34:09 Conscription
35:16 Parthian Tactics
34:53 Padded Archer Armor
34:43 Fletching
35:18 Ballistics
35:58 Chemistry
35:05 Siege Engineers
34:55 Murder Holes
35:13 Fortified Wall
35:13 Masonry
34:35 Hussar
35:49 Conscription
35:31 Nomads
35:52 Drill
35:07 Capped Ram
37:31 Leather Archer Armor
37:12 Bodkin Arrow
38:01 Stone Shaft Mining
40:23 Chain Barding Armor
40:39 Iron Casting
kpsu8366
8:37 Feudal Age
12:56 Castle Age
10:46 Double-Bit Axe
10:53 Horse Collar
11:30 Loom
14:46 Bow Saw
14:38 Heavy Plow
18:16 Wheelbarrow
28:28 Imperial Age
27:03 Stone Mining
26:57 Treadmill Crane
27:48 Fletching
28:10 Scale Barding Armor
28:10 Gold Mining
28:57 Stone Shaft Mining
29:00 Elite Iron Pagoda
30:04 Chain Barding Armor
29:56 Forging
30:53 Two-Man Saw
30:24 Crop Rotation
30:52 Gold Shaft Mining
31:14 Conscription
31:36 Fervor
32:09 Iron Casting
32:10 Plate Barding Armor
32:55 Chemistry
33:34 Hand Cart
33:05 Town Watch
36:56 Bloodlines
36:46 Husbandry
36:08 Elite Steppe Lancer
40:34 Fortified Bastions
42:00 Light Cavalry
44:44 Hoardings
44:11 Hussar
45:56 Blast Furnace
47:05 Thunderclap Bombs
48:11 Siege Engineers
47:35 Heavy Rocket Cart
Only 1 call a day
0:27 Loom
9:45 Feudal Age
10:23 Double-Bit Axe
11:15 Horse Collar
16:41 Castle Age
16:59 Forging
16:44 Gold Mining
16:48 Stone Mining
18:47 Iron Casting
19:15 Scale Barding Armor
19:15 Scale Mail Armor
28:25 Chain Mail Armor
30:37 Bloodlines
33:19 Imperial Age
31:39 Wheelbarrow
32:02 Scale Barding Armor
32:21 Squires
32:07 Arson
32:46 Caravan
33:53 Ironclad
34:14 Hand Cart
34:43 Conscription
35:05 Stone Shaft Mining
34:45 Bow Saw
34:37 Heavy Plow
35:55 Chemistry
35:18 Ballistics
35:33 Elite Teutonic Knight
36:40 Guilds
36:11 Cavalier
38:29 Chemistry
37:57 Crenellations
40:58 Coinage
43:23 Blast Furnace
42:53 Plate Mail Armor
46:41 Banking
51:05 Paladin
EyesOfWar
1:47 Loom
8:41 Feudal Age
14:32 Castle Age
13:54 Double-Bit Axe
13:51 Horse Collar
14:09 Gold Mining
15:18 Husbandry
17:20 Scale Barding Armor
23:31 Bloodlines
24:14 Light Cavalry
26:03 Bow Saw
33:11 Imperial Age
32:11 Chain Barding Armor
32:43 Wheelbarrow
33:05 Scale Mail Armor
33:19 Hussar
34:37 Plate Barding Armor
34:51 Conscription
34:25 Pikeman
35:06 Scale Mail Armor
35:30 Cavalier
37:44 Chain Mail Armor
45:49 Hand Cart
乌衣巷
4:47 Loom
7:05 Feudal Age
7:38 Double-Bit Axe
8:42 Horse Collar
10:54 Gold Mining
13:10 Wheelbarrow
15:04 Castle Age
16:56 Bow Saw
16:49 Heavy Plow
17:18 Hand Cart
17:02 Town Watch
18:44 Gold Shaft Mining
24:25 Imperial Age
21:47 Stone Mining
24:11 Scale Barding Armor
24:56 Fortified Wall
24:42 Murder Holes
25:26 Forging
26:09 Crop Rotation
27:35 Stone Shaft Mining
29:31 Chain Barding Armor
29:30 Heavy Scorpion
30:50 Plate Barding Armor
31:14 Siege Engineers
32:38 Iron Casting
32:29 Conscription
33:08 Double Crossbow
35:01 Hoardings
33:57 Sappers
34:57 Elite Ballista Elephant
35:39 Tusk Swords
36:58 Blast Furnace
36:00 Padded Archer Armor
36:01 Scale Mail Armor
37:54 Caravan
38:25 Coinage
41:45 Husbandry
41:56 Bloodlines
41:08 Light Cavalry
44:21 Banking
45:24 Hussar
伐木人
1:49 Loom
8:34 Feudal Age
9:26 Man-at-Arms
10:31 Arson
23:51 Wheelbarrow
23:52 Double-Bit Axe
24:45 Horse Collar
31:50 Castle Age
30:59 Stone Mining
31:00 Gold Mining
33:59 Gold Shaft Mining
35:41 Bow Saw
36:29 Fortified Wall
36:52 Treadmill Crane
37:22 Masonry
40:26 Imperial Age
38:13 Hand Cart
41:52 Conscription
42:55 Long Swordsman
43:20 Gambesons
43:51 Forging
43:42 Scale Mail Armor
43:59 Two-Handed Swordsman
44:27 Elite Genitour
CaMelody
9:11 Feudal Age
13:41 Castle Age
11:52 Double-Bit Axe
12:25 Horse Collar
13:26 Gold Mining
16:17 Bow Saw
19:59 Heavy Plow
22:59 Gold Shaft Mining
22:17 Stone Mining
24:57 Forging
27:39 Imperial Age
25:54 Stone Shaft Mining
27:04 Wheelbarrow
26:15 Loom
26:15 Town Watch
27:52 Iron Casting
27:22 Scale Barding Armor
27:05 Treadmill Crane
27:47 Husbandry
27:57 Bloodlines
28:43 Hand Cart
28:28 Town Patrol
29:33 Blast Furnace
27:55 Heavy Camel Rider
29:21 Conscription
29:05 Kasbah
31:09 Chain Barding Armor
31:20 Maghrebi Camels
33:05 Plate Barding Armor
32:30 Light Cavalry
33:50 Crop Rotation
33:44 Fletching
33:54 Padded Archer Armor
33:38 Hussar
37:34 Leather Archer Armor
37:14 Bodkin Arrow
37:31 Siege Engineers
37:46 Ballistics
38:27 Chemistry
39:21 Hoardings
53:41 Bracer
54:11 Ring Archer Armor
54:26 Thumb Ring
53:42 Elite Genitour
Connection lost

Rejoining the realm…

Still unreachable

The connection could not be restored.

Session expired

The server has moved on; the page needs a fresh start.